 Dungeon Crawl Stone Soup version 0.25-a0-489-g9ae84a01e3 (webtiles) character file.

Game seed: 13484682719096158345, levelgen mode: deterministic

70 Notrik the Skirmisher (level 4, -1/41 HPs)
             Began as a Hill Orc Fighter on Feb 11, 2020.
             Slain by a jackal (2 damage)
             ... on level 3 of the Dungeon.
             The game lasted 00:01:51 (1323 turns).

Notrik the Skirmisher (Hill Orc Fighter)            Turns: 1323, Time: 00:01:51

Health: -1/41      AC:  7    Str: 19    XL:     4   Next: 22%
Magic:  4/4        EV:  7    Int:  8    God:
Gold:   74         SH:  9    Dex: 10    Spells: 3/3 levels left

rFire    . . .     SeeInvis .   a - +0 war axe
rCold    . . .     Gourm    .   c - +0 kite shield
rNeg     . . .     Faith    .   b - +0 scale mail
rPois    .         Spirit   .   (no helmet)
rElec    .         Reflect  .   (no cloak)
rCorr    .         Harm     .   (no gloves)
MR       .....                  (no boots)
Stlth    ..........             (no amulet)
HPRegen  0.13/turn              (no ring)
MPRegen  0.09/turn              (no ring)

@: lethally poisoned (-1 -> -11)
A: no striking features
a: no special abilities


You were on level 3 of the Dungeon.
You were not hungry.

You visited 1 branch of the dungeon, and saw 3 of its levels.

You collected 74 gold pieces.

Inventory:

Hand Weapons
 a - a +0 war axe (weapon)
Missiles
 m - 2 throwing nets (quivered) {!f}
Armour
 b - a +0 scale mail (worn)
 c - a +0 kite shield (worn)
Jewellery
 i - an uncursed ring of protection from cold {unknown}
   (You found it on level 1 of the Dungeon)
Scrolls
 f - a scroll of noise {unknown}
 h - 2 scrolls of remove curse {unknown}
 j - a scroll of teleportation {unknown}
 k - a scroll of fear {unknown}
Potions
 d - a potion of might
 l - 2 potions of heal wounds {unknown}
Comestibles
 e - 4 rations {!d}
 g - 4 chunks of flesh


   Skills:
 * Level 4.6 Fighting
 + Level 3.5 Axes
 + Level 3.8 Armour
 + Level 3.8 Shields


You had 3 spell levels left.
You didn't know any spells.
Your spell library was empty.

Dungeon Overview and Level Annotations

Branches:
Dungeon (3/15)

Altars:
Yredelemnul

Annotations:
D:3 Sigmund


Message History

You block the jackal's attack. The jackal bites you.
* * * LOW HITPOINT WARNING * * *
The jackal misses you. The jackal closely misses you.
You block the jackal's attack. The jackal completely misses you.
You block the jackal's attack.
You slash the jackal!
You kill the jackal!
You closely miss the jackal. x2; You hit the jackal but do no damage.
Your shield and scale mail prevent you from hitting the jackal.
* * * LOW HITPOINT WARNING * * *
You feel sick. You block the jackal's attack. The jackal barely misses you.
The jackal bites you but does no damage.
Sigmund gestures wildly while chanting.
Sigmund flickers and vanishes!
Deactivating autopickup; reactivate with Ctrl-A.
The jackal bites you but does no damage. x3
A hobgoblin comes into view. It is wielding a +0 club.
The jackal barely misses you. Something hits you.
* * * LOW HITPOINT WARNING * * *
You block the jackal's attack.
You barely miss the jackal.
Your shield and scale mail prevent you from hitting the jackal.
Your scale mail prevents you from hitting the jackal.
You closely miss the jackal.
* * * LOW HITPOINT WARNING * * *
You feel sick.
The hobgoblin shouts!
You hear a shout!
The jackal bites you but does no damage.
You block the jackal's attack. The jackal closely misses you.
The jackal barely misses you.
The jackal bites you but does no damage.
You block the jackal's attack. The jackal bites you.
* * * LOW HITPOINT WARNING * * *
The jackal bites you but does no damage.
Something hits you.
* * * LOW HITPOINT WARNING * * *
Your shield prevents you from hitting the jackal.
You closely miss the jackal. You slash the jackal!
You kill the jackal!
You closely miss the jackal. x2
* * * LOW HITPOINT WARNING * * *
You feel sick.
The jackal bites you but does no damage.
The jackal closely misses you.
The jackal bites you but does no damage.
The jackal barely misses you. You block the jackal's attack. x2
The jackal bites you but does no damage.
The jackal bites you.
You die...

.<..[..$#########
........##......#
........##.####.#
........##..<.#.#
........#######.#
........(....##.#
.....{.(####.##.#
......hh# #.##.#
..g...h@# #.##.#
####+.hh# #.##.#
#...# #.##.#
#...# #....#
#...# ######
#...# #.#.# ###.#


You could see 5 jackals and a hobgoblin.

Vanquished Creatures
  2 adders (D:2)
  A dart slug (D:1)
  3 leopard geckos
  7 bats
  3 giant cockroaches
  9 goblins
  2 hobgoblins
  3 jackals (D:3)
  4 kobolds
  2 quokkas
  3 ball pythons
  3 frilled lizards
  4 rats
46 creatures vanquished.

Notes
Turn   | Place    | Note
-------+----------+-------------------------------------------
     0 | D:1      | Notrik the Hill Orc Fighter began the quest for the Orb.
     0 | D:1      | Reached XP level 1. HP: 19/19 MP: 1/1
    77 | D:1      | Reached XP level 2. HP: 20/27 MP: 2/2
   131 | D:1      | Reached skill level 4 in Fighting
   471 | D:1      | Reached XP level 3. HP: 32/33 MP: 3/3
   662 | D:2      | Found a basalt altar of Yredelemnul.
  1081 | D:2      | Reached XP level 4. HP: 41/41 MP: 4/4
  1312 | D:3      | Noticed Sigmund
  1322 | D:3      | HP: 2/41 [something (2)]
  1323 | D:3      | Slain by a jackal

Levels and vault maps discovered:
D:1:      dpeg_arrival_arbitrary_b, layout_basic
D:2:      layout_basic, yredelemnul_altar_generic
D:3:      layout_basic, chequers_serial_rivers_room_a, uniq_sigmund

Skill      XL: |  1  2 |
---------------+-------+-----
Fighting       | 4 |  4.6
Axes           | 3 |  3.5
Armour         | |  3.8
Shields        | |  3.8

Action                   |  1- 3 |  4- 6 || total
-------------------------+-------+-------++-------
Melee: War axe           |   123 |    22 ||   145
  Eat: Chunk             |     1 |     1 ||     2
Armor: Scale mail        |    66 |    33 ||    99
Dodge: Dodged            |    49 |    17 ||    66
Block: Kite shield       |    64 |    21 ||    85

Table legend:
 A = Non-vault XP
 B = Vault XP
 C = Vault XP percentage of total XP
 D = Non-vault monster count
 E = Vault monster count
 F = Vault count percentage of total count
                 A         B        C        D         E       F
            +---------+---------+-------+---------+---------+-------
      Total |     101 |       0 |   0.0 |      46 |       0 |   0.0
            +---------+---------+-------+---------+---------+-------
        D:1 |      39 |       0 |   0.0 |      23 |       0 |   0.0
        D:2 |      47 |       0 |   0.0 |      15 |       0 |   0.0
        D:3 |      15 |       0 |   0.0 |       8 |       0 |   0.0
            +---------+---------+-------+---------+---------+-------
